 Dungeon Crawl Stone Soup version 0.30-a0-1053-gbd8d5ba0ad (webtiles) character file.

Game seed: 6584866712072482813

4 domi the Digger (level 2, 0/20 HPs)
             Began as a Meteoran Earth Elementalist on Apr 11, 2023.
             Slain by an orc
             ... wielding a +0 mace
              (2 damage)
             ... on level 4 of the Dungeon.
             The game lasted 00:01:16 (124 turns).

domi the Digger (Meteoran Earth Elementalist)        Turns: 124, Time: 00:01:17

Health: 0/20       AC:  2    Str:  9    XL:     2   Next: 0%
Magic:  5/6        EV: 12    Int: 16    God:
Gold:   25         SH:  0    Dex: 14    Spells: 5/6 levels left

rFire   . . .      SeeInvis .    d - +0 short sword (speed)
rCold   . . .      Faith    .    (no shield)
rNeg    . . .      Spirit   .    a - +0 robe
rPois   .          Reflect  .    (no helmet)
rElec   .          Rampage  .    (no cloak)
rCorr   .                        (no gloves)
Will    .....                    (no boots)
Stlth   +                        (no amulet)
HPRegen 0.23/turn                (no ring)
MPRegen 0.10/turn                (no ring)

@: very slightly contaminated, glowing
A: sense surroundings 1, otherworldly, glowing, explore regen
a: no special abilities


You were on level 4 of the Dungeon.
You visited 1 branch of the dungeon, and saw 4 of its levels.

You collected 25 gold pieces.

Inventory:

Hand Weapons
 d - a +0 short sword of speed (weapon)
   (You took it off a kobold on level 1 of the Dungeon)
Armour
 a - a +0 robe (worn)
Scrolls
 c - a scroll of teleportation {unknown}
 e - a scroll of identify {unknown}
Potions
 b - a potion of magic


   Skills:
 - Level 2.4 Dodging
 - Level 1.4 Stealth
 - Level 2.6 Spellcasting
 - Level 1.2 Transmutations
 + Level 4.1 Earth Magic


You had 5 spell levels left.
You knew the following spells:

 Your Spells              Type           Power      Damage    Failure   Level
z - Sandblast             Erth           30%        2d9       3%          1

Your spell library contained the following spells:

 Spells                   Type           Power      Damage    Failure   Level
 Passwall                 Tmut/Erth      8%         N/A       10%         2
 Stone Arrow              Conj/Erth      16%        3d8       26%         3
 Call Canine Familiar     Summ           2%         N/A       50%         3
 Portal Projectile        Hex/Tloc       4%         N/A       50%         3
 Petrify                  Tmut/Erth      10%        N/A       54%         4
 Leda's Liquefaction      Hex/Erth       4%         N/A       63%         4


Dungeon Overview and Level Annotations

Branches:
Dungeon (4/15) Zot: 2274
 Temple: D:4-7

Altars:

Shops:
D:1 ??*


Innate Abilities, Weirdness & Mutations

You passively map a small area around you.
You are easily found by Zot.
You glow in the dark.
You regain HP and MP as you explore.


Message History

Welcome, domi the Meteoran Earth Elementalist.
The Orb of Zot is coveted for many reasons.
Will you seize it for your own?
Found a scroll labelled YFARERREDEDD.
Found a staircase leading out of the dungeon.
Lua error: attempt to yield across metamethod/C-call boundary
c - a scroll labelled YFARERREDEDD You open the door.
Found Tix Demo's Magic Scroll Shop.
There is an open door here.
There is an entrance to Tix Demo's Magic Scroll Shop here.
A kobold comes into view.
It is wielding a +0 short sword of speed.
The kobold hits you but does no damage.
Aim: a kobold, wielding a +0 short sword of speed (77% to hit)
The blast of sand hits the kobold.
You kill the kobold!
Things that are here:
a +0 short sword of speed; a kobold corpse
d - a +0 short sword of speed Your hands tingle!
d - a +0 short sword of speed (weapon)
Found Wef Itov's Magic Scroll Shoppe.
You now have 7 gold pieces.
You now have 12 gold pieces (gained 5).
e - a scroll labelled ETEOFOTUNK
Okay, then.
Okay, then.
A bat comes into view.
Aim: a bat (asleep, 100% to hit)
The blast of sand hits the bat!
You kill the bat!
Found Vihol's General Store.
Found a stone staircase leading down.
There is an entrance to Vihol's General Store here.
There is a fountain of clear blue water here.
There is a stone staircase leading down here.
You climb downwards.
There is a stone staircase leading up here.
A goblin comes into view. It is wielding a +0 club.
The goblin shouts!
A kobold comes into view. It is wielding a +0 dagger.
You can't see any susceptible monsters within range! (Use Z to cast anyway.) Unknown command.
Found a stone staircase leading down.
You can't see any susceptible monsters within range! (Use Z to cast anyway.) Unknown command.
Aim: a goblin, wielding a +0 club (77% to hit)
You miscast Sandblast.
You are very lightly contaminated with residual magic.
Nothing appears to happen.
Aim: a goblin, wielding a +0 club (77% to hit)
The blast of sand hits the goblin!
You kill the goblin!
Aim: a kobold, wielding a +0 dagger (77% to hit)
The blast of sand hits the kobold!
You kill the kobold!
Your magical contamination has completely faded away.
There is a stone staircase leading down here.
You climb downwards.
The hobgoblin shouts!
There is a stone staircase leading up here.
Aim: a hobgoblin (82% to hit)
The blast of sand hits the hobgoblin.
Aim: a hobgoblin (severely wounded, 82% to hit)
The blast of sand hits the hobgoblin.
You kill the hobgoblin!
Your Earth Magic skill increases to level 4!
You have reached level 2!
You see here a hobgoblin corpse.
You pick up a book of the Hunter and begin reading...
You add the spells Call Canine Familiar, Portal Projectile and Leda's Liquefaction to your library.
You now have 25 gold pieces (gained 13).
You see here a +0 ring mail.
You see here a +0 ring mail.
You open the door.
Found a stone staircase leading down.
There is an open door here.
There is a stone staircase leading down here.
You climb downwards.
The orc shouts! x4
There is a stone staircase leading up here.
Aim: an orc, wielding a +0 dagger and wearing a +0 leather armour (82% to hit)
You miscast Sandblast.
You are very lightly contaminated with residual magic.
Nothing appears to happen.
The orc wizard mumbles some strange words.
The orc wizard flickers and vanishes!
Deactivating autopickup; reactivate with Ctrl-A.
The orc hits you with a +0 dagger. The orc hits you with a +0 short sword.
The orc closely misses you.
A magic dart appears from out of thin air!
The magic dart hits you. The orc hits you with a +0 dagger.
* * * LOW HITPOINT WARNING * * *
The orc hits you from afar with a +0 trident.
* * * LOW HITPOINT WARNING * * *
Unknown command.
The orc attacks as you move away! The orc hits you with a +0 mace.
You die...

. ,,, * * * *
.## , [.. *, * *
#.# , * , #.#*,
* #.# , ,, ##.##
#
,#####.oo#.##...
,
......o.@....!..
, * ,
!#####..o####...
,, * ##{## , * ,
*, #.# , #.# * *
#.#* , , * #..
,, , , ## * , ~


You could see 4 orcs.

Vanquished Creatures
  A goblin (D:2)
  A hobgoblin (D:3)
  A bat (D:1)
  2 kobolds
5 creatures vanquished.

Notes
Turn   | Place    | Note
-------+----------+-------------------------------------------
     0 | D:1      | domi the Meteoran Earth Elementalist began the quest for
                  | the Orb.
     0 | D:1      | Reached XP level 1. HP: 14/14 MP: 5/5
     5 | D:1      | Found Tix Demo's Magic Scroll Shop.
    17 | D:1      | Found Wef Itov's Magic Scroll Shoppe.
    58 | D:1      | Found Vihol's General Store.
    89 | D:3      | Reached skill level 4 in Earth Magic
    89 | D:3      | Reached XP level 2. HP: 20/20 MP: 1/6
   123 | D:4      | HP: 2/20 [orc/+0 trident (4)]
   124 | D:4      | Slain by an orc

Illustrated notes

Levels and vault maps discovered:
D:1:      minmay_arrival_solitary_statue, layout_loops_cross, serial_shops,
          shop, shop_fountains, shop, nicolae_shop_competitors_out_of_business
D:2:      layout_basic, serial_shops,
          nicolae_shop_temple_entry_statues_fountains,
          hellmonk_ecumenical_altar_inner_sanctum, serial_bayou_lagoon_a
D:3:      layout_basic, gammafunk_ghost_arena, bh_walls_and_bars
D:4:      layout_loops_ring, mainiacjoe_overflow_small_starburst,
          minmay_temple_entry_proselytizer, kennysheep_small_spiral

Skill      XL: |  1 |
---------------+----+-----
Earth Magic    | 4 |  4.1
Dodging        | |  2.4
Stealth        | |  1.4
Spellcasting   | |  2.6
Transmutations | |  1.2

Action                     || total
---------------------------++-------
   Cast: Sandblast         ||     6
 Armour: Robe              ||     1
  Dodge: Dodged            ||     1

Table legend: (Time is in decaauts)
 A = Elapsed time spent in this place.
 B = Non-inter-level travel time spent in this place.
 C = Inter-level travel time spent in this place.
 D = Time resting spent in this place.
 E = Time spent auto-exploring this place.
 F = Levels seen in this place.
 G = Mean time per level.
                   A        B        C        D        E       F      G
               +--------+--------+--------+--------+--------+-----+--------+
         Total |    125 |    125 |      0 |      0 |      0 |   4 |   31.2 |
       Dungeon |    125 |    125 |      0 |      0 |      0 |   4 |   31.2 |
               +--------+--------+--------+--------+--------+-----+--------+

Top non-repeatable levels by time:
     D:1: 67 daAuts
     D:3: 37 daAuts
     D:2: 17 daAuts
     D:4: 2 daAuts

Table legend:
 A = Kills in this place as a percentage of kills in the entire game.
 B = Kills by you in this place as a percentage of kills by you in the entire game.
 C = Kills by friends in this place as a percentage of kills by friends in the entire game.
 D = Other kills in this place as a percentage of other kills in the entire game.
 E = Experience gained in this place as a percentage of experience gained in the entire game.
 F = Experience gained in this place divided by the number of levels of this place that you have seen.
                   A       B       C       D       E      F
               +-------+-------+-------+-------+-------+----------------------
         Total | 100.0 | 100.0 |   N/A |   N/A | 100.0 |   1.8
       Dungeon | 100.0 | 100.0 |   N/A |   N/A | 100.0 |   1.8
               +-------+-------+-------+-------+-------+----------------------
